AoeStats
← HANNiBAL_iS_BACK

African Clearing

506471024Analyzed
3v3 RM · 19d ago on Sep 13, 2026· 45m 2s· 6 players
Game mode
Random Map
Map size
Normal (6 player)
Population
200
Speed
Normal
Resources
Standard
Victory
Conquest
Starting age
Dark Age
Ending age
Imperial Age
RankedLock teamsTeams togetherTeam positionsShared explorationLock speedFull tech treeHidden civsTurbo modeCheats
Victory
Defeat
🇬🇧 Hindustanis · United Kingdom
1095
+11
🇬🇧 Inca · United Kingdom
1088
+11
🇬🇧 Gurjaras · United Kingdom
1072
+12
🇳🇱 Tatars · Netherlands
998
-12
🇬🇧 Huns · United Kingdom
963
-11
🇩🇪 Huns · Germany
960
-11
sfdejonge
3:53 Loom
14:49 Feudal Age
20:39 Castle Age
19:45 Scale Barding Armor
31:41 Bloodlines
34:25 Wheelbarrow
34:32 Gold Mining
35:40 Hand Cart
36:57 Husbandry
40:26 Imperial Age
37:20 Light Cavalry
37:47 Double-Bit Axe
37:48 Horse Collar
39:16 Fletching
HANNiBAL_iS_BACK
10:15 Loom
13:47 Feudal Age
18:09 Castle Age
16:39 Double-Bit Axe
16:46 Gold Mining
18:24 Fletching
18:35 Padded Archer Armor
22:01 Horse Collar
29:49 Bodkin Arrow
30:10 Leather Archer Armor
31:50 Gold Shaft Mining
31:43 Ballistics
31:41 Bloodlines
31:50 Husbandry
33:02 Thumb Ring
32:51 Town Watch
35:25 Stone Mining
35:40 Heavy Plow
41:39 Imperial Age
42:59 Wheelbarrow
43:07 Parthian Tactics
43:04 Town Patrol
44:48 Hand Cart
45:28 Bracer
Donelson
11:58 Loom
14:32 Feudal Age
19:50 Castle Age
19:10 Fletching
19:53 Padded Archer Armor
21:23 Double-Bit Axe
22:51 Bodkin Arrow
36:52 Bloodlines
36:31 Light Cavalry
37:19 Scale Barding Armor
37:29 Leather Archer Armor
37:15 Horse Collar
41:03 Chain Barding Armor
41:31 Husbandry
42:21 Forging
42:31 Heavy Plow
42:49 Town Watch
42:30 Elite Skirmisher
max.steam.cool
9:19 Loom
11:16 Feudal Age
9:32 Loom
13:26 Bloodlines
15:44 Scale Barding Armor
15:50 Forging
18:09 Forging
22:14 Castle Age
23:01 Pikeman
27:32 Fletching
34:27 Scale Mail Armor
36:30 Bodkin Arrow
41:13 Chain Barding Armor
41:11 Chain Mail Armor
42:53 Iron Casting
Mighty Billy
6:48 Loom
12:16 Feudal Age
13:09 Double-Bit Axe
19:53 Castle Age
18:05 Gold Mining
20:14 Fletching
20:57 Stone Mining
21:48 Wheelbarrow
25:39 Pikeman
26:55 Elite Skirmisher
30:27 Horse Collar
31:26 Bodkin Arrow
31:31 Padded Archer Armor
36:18 Hand Cart
36:40 Leather Archer Armor
36:58 Forging
Big bird
14:54 Feudal Age
16:21 Double-Bit Axe
16:19 Horse Collar
18:01 Gold Mining
18:52 Wheelbarrow
25:45 Castle Age
24:00 Stone Mining
27:00 Bow Saw
27:42 Fortified Wall
30:11 Hand Cart
29:43 Loom
29:44 Town Watch
30:42 Stone Shaft Mining
30:42 Masonry
32:43 Fletching
32:53 Padded Archer Armor
33:50 Thumb Ring
34:58 Gold Shaft Mining
36:45 Heavy Plow
37:30 Ballistics
40:34 Imperial Age
38:44 Bloodlines
38:35 Husbandry
39:00 Bodkin Arrow
42:16 Chemistry
41:36 Bracer
43:32 Architecture
43:14 Elite Elephant Archer
44:27 Scale Barding Armor
44:38 Leather Archer Armor
Connection lost

Rejoining the realm…

Still unreachable

The connection could not be restored.

Session expired

The server has moved on; the page needs a fresh start.